 Dungeon Crawl Stone Soup version 0.31-a0-232-gb1c03b2570 (webtiles) character file.

Game seed: 4551489987945157712

613 Morbidden the Insei (level 7, -4/45 HPs)
             Began as an Octopode Transmuter on July 7, 2023.
             Was a Follower of Cheibriados.
             Slain by a gnoll
             ... wielding a +0 halberd
              (7 damage)
             ... on level 4 of the Dungeon.
             The game lasted 00:04:46 (3705 turns).

Morbidden the Insei (Octopode Transmuter)           Turns: 3705, Time: 00:04:46

Health: -4/45      AC:  2    Str: 14    XL:     7   Next: 44%
Magic:  6/11       EV: 20    Int: 19    God:    Cheibriados [*.....]
Gold:   121        SH:  0    Dex: 20    Spells: 3/12 levels left

rFire   + .          .
                       - Unarmed
rCold   . . .        (shield currently unavailable)
rNeg    . . .        (helmet currently unavailable)
rPois   x            p - amulet of faith
rElec   .            c - ring of protection from fire
rCorr   .            (no ring)
SInv    .            (no ring)
Will    .....        (no ring)
Stlth   +++          (no ring)
HPRegen 0.27/turn    (no ring)
MPRegen 0.12/turn    (no ring)
                     (no ring)

%: faith
@: spider-form, wereblooded, very slow
A: venomous fangs, almost no armour, (amphibious), 8 rings, tiny, (camouflage
1), (gelatinous body 1), (nimble swimmer 1), (tentacles)
a: End Transformation, Renounce Religion, Bend Time


You were on level 4 of the Dungeon.
You worshipped Cheibriados.
Cheibriados was aware of your devotion.
You were a venomous arachnid creature.
You visited 1 branch of the dungeon, and saw 4 of its levels.

You collected 121 gold pieces.

Inventory:

Jewellery
 c - a ring of protection from fire (left front pincers)
 p - an amulet of faith (around neck)
Wands
 t - a wand of digging (3)
Scrolls
 b - a scroll of teleportation {unknown}
 e - a scroll of torment {unknown}
 f - 4 scrolls of identify {unknown}
 g - 2 scrolls of fear {unknown}
 h - a scroll of blinking {unknown}
 i - a scroll of amnesia {unknown}
 q - a scroll of vulnerability {unknown}
 r - a scroll of acquirement {unknown}
 v - a scroll of revelation {unknown}
Potions
 a - 2 potions of lignification
 d - a potion of heal wounds
 j - a potion of degeneration {unknown}
 k - a potion of magic {unknown}
 l - a potion of might {unknown}
 m - a potion of enlightenment {unknown}
 n - 3 potions of curing {unknown}
 o - a potion of berserk rage {unknown}
 s - a potion of invisibility {unknown}
 u - a potion of ambrosia {unknown}


   Skills:
 * Level 2.3 Fighting
 * Level 2.9 Dodging
 * Level 3.0 Stealth
 * Level 5.0 Unarmed Combat
 * Level 3.2 Spellcasting
 * Level 1.2 Translocations
 * Level 3.3 Transmutations
 * Level 1.2 Air Magic
 * Level 2.0 Poison Magic
 * Level 1.4 Invocations


You had 3 spell levels left.
You knew the following spells:

 Your Spells              Type           Power      Damage    Failure   Level
a - Beastly Appendage     Tmut           30%        N/A       12%         1
b - Wereblood             Tmut           15%        N/A       17%         2
c - Vhi's Electric Charg  Tloc/Air       14%        N/A       47%         3
z - Spider Form           Tmut/Pois      13%        N/A       34%         3

Your spell library contained the following spells:

 Spells                   Type           Power      Damage    Failure   Level
 Ice Form                 Ice/Tmut       9%         N/A       78%         4
 Blade Hands              Tmut           7%         N/A       87%         5
 Summon Lightning Spire   Summ/Air       5%         N/A       89%         4
 Arcjolt                  Conj/Air       2%         1d12      99%         5
 Plasma Beam              Fire/Air       2%         2x1d12    100%        6
 Animate Armour           Summ/Erth      Unusable   N/A       N/A         4

Dungeon Overview and Level Annotations

Branches:
Dungeon (4/15)
 Temple: D:4-7

Altars:
Cheibriados
Qazlal

Shops:
D:3 (

Annotations:
D:2 1 runed translucent door, Crazy Yiuf


Innate Abilities, Weirdness & Mutations

You are a venomous arachnid creature.
You have venomous fangs.
You are tiny and dextrous.
Your spellcasting is less reliable in this form.
Your armour is entirely melded.
You are incapable of wielding weapons or throwing items.
You cannot wear most types of armour.
((You are amphibious.))
You can wear up to eight rings at the same time.
((Your skin changes colour to match your surroundings (Stealth+).))
((Your rubbery body absorbs attacks. (AC +1, EV +1)))
((You are camouflaged when in or above water. (Stealth+)))
((You have tentacles for arms and can constrict up to eight enemies at once.))


Message History

Your magical contamination has completely faded away.
Unknown command.
You bite the gnoll!
You feel a bit better.
You kill the gnoll!
Cheibriados appreciates the change of pace.
You feel a bit better.
You kill the adder!
Cheibriados thoroughly appreciates the change of pace.
Cheibriados raises the support of your attributes as your movement slows.
The gnoll hits you with a +0 flail!
* * * LOW HITPOINT WARNING * * *
The gnoll closely misses you.
Your Stealth skill increases to level 3!
Your Unarmed Combat skill increases to level 5!
Your Poison Magic skill increases to level 2!
Unknown command.
You bite the gnoll!
The gnoll looks as sick as possible!
The gnoll is severely wounded.
The gnoll misses you. The gnoll closely misses you.
The goblin barely misses you.
The gnoll hits you from afar with a +0 halberd.
* * * LOW HITPOINT WARNING * * *
Unknown command.
Unknown command.
Unknown command.
Unknown command.
The gnoll attacks as you move away! The gnoll completely misses you.
You kill the gnoll!
Cheibriados appreciates the change of pace.
Unknown command.
Unknown command.
The goblin attacks as you move away! The goblin misses you.
The gnoll hits you with a +0 flail.
* * * LOW HITPOINT WARNING * * *
The goblin attacks as you move away! The goblin closely misses you.
The goblin hits you with a +0 dagger.
* * * LOW HITPOINT WARNING * * *
Unknown command.
The gnoll hits you from afar with a +0 halberd!
You die...

...# ? .#.... # ..# #. #
..# #.#...# ###.# ...# .
.... .####.... ...# .. #.#.
.....###
...#....####...####......#
.............? #........#
.....~§§§....###s###.#..###
.....§.§.....##gg###......#
. #...§_....).g.##........#
..#...§§.~.......#.#......#
...$....≈...)###...#......#
.............# ##..#......#
............####...#......#
.............)...#..##...##
#.........#####.........#


You could see 2 gnolls and a goblin.

Vanquished Creatures
  Sigmund (D:3)
  An ice beast (D:4)
  2 phantoms (D:4)
  A jelly (D:3)
  Jessica (D:2)
  An iguana (D:4)
  4 adders
  2 gnolls (D:4)
  A dart slug (D:2)
  10 orcs (D:3)
  9 endoplasms
  6 goblins
  7 hobgoblins
  11 jackals
  2 quokkas
  7 ball pythons
  7 bats
  A frilled lizard (D:2)
  7 kobolds
  3 rats
84 creatures vanquished.

Notes
Turn   | Place    | Note
-------+----------+-------------------------------------------
     0 | D:1      | Morbidden the Octopode Transmuter began the quest for the
                  | Orb.
     0 | D:1      | Reached XP level 1. HP: 13/13 MP: 3/3
    64 | D:1      | Reached XP level 2. HP: 4/18 MP: 3/5
   863 | D:2      | Reached XP level 3. HP: 23/23 MP: 4/6
   921 | D:2      | Reached skill level 1 in Stealth
  1348 | D:2      | Found a runed translucent door.
  1349 | D:2      | Noticed Crazy Yiuf
  1468 | D:2      | Noticed Jessica
  1475 | D:2      | Killed Jessica
  1476 | D:2      | Reached XP level 4. HP: 19/28 MP: 7/7
  1605 | D:2      | Learned a level 3 spell: Spider Form
  1608 | D:2      | Learned a level 2 spell: Wereblood
  1967 | D:3      | Reached skill level 4 in Unarmed Combat
  2269 | D:3      | Found a snail-covered altar of Cheibriados.
  2273 | D:3      | Reached XP level 5. HP: 30/34 MP: 6/8
  2290 | D:3      | Became a worshipper of Cheibriados the Contemplative
  2387 | D:3      | Found Acogasuo's Weapon Emporium.
  2649 | D:3      | Learned a level 3 spell: Vhi's Electric Charge
  2926 | D:3      | Found a faded altar of an unknown god.
  2928 | D:3      | Noticed Sigmund
  2937 | D:3      | Killed Sigmund
  2938 | D:3      | Reached skill level 1 in Poison Magic
  2938 | D:3      | Reached XP level 6. HP: 39/39 MP: 5/10
  3135 | D:4      | Reached * piety under Cheibriados
  3193 | D:4      | Found a stormy altar of Qazlal.
  3196 | D:4      | Noticed an ice beast
  3219 | D:4      | Reached skill level 1 in Translocations
  3219 | D:4      | Reached skill level 1 in Air Magic
  3219 | D:4      | Reached skill level 1 in Invocations
  3219 | D:4      | Reached XP level 7. HP: 17/45 MP: 9/11
  3487 | D:4      | HP: 2/67 [ice beast (10)]
  3701 | D:4      | Reached skill level 5 in Unarmed Combat
  3704 | D:4      | HP: 2/45 [goblin/+0 dagger (1)]
  3705 | D:4      | Slain by a gnoll

Illustrated notes

Levels and vault maps discovered:
D:1:      minmay_arrival_diagonal_passages, layout_loops_ring
D:2:      layout_basic, kennysheep_jessica_study, uniq_crazy_yiuf_cottage,
          uniq_jessica
D:3:      layout_loops_cross, lemuel_crystal_altar, serial_shops, shop,
          shapermc_ecumenical_altar_mp_highgroup, uniq_sigmund
D:4:      layout_rooms, nicolae_qazlal_scattered_showers,
          minmay_temple_entry_trees, serial_bayou_pond_a, st_stairs_10

Skill      XL: |  1  2  3  4  5  6  7 |
---------------+----------------------+-----
Stealth        | 1 2 3 |  3.0
Unarmed Combat | 4 5 |  5.0
Fighting       | 2 |  2.3
Poison Magic   | 1 2 |  2.0
Spellcasting   | 3 |  3.2
Transmutations | 3 |  3.3
Translocations | 1 |  1.2
Air Magic      | 1 |  1.2
Invocations    | 1 |  1.4
Dodging        | |  2.9

Action                     |  1- 3 |  4- 6 |  7- 9 || total
---------------------------+-------+-------+-------++-------
  Melee: Unarmed           |    69 |    84 |    28 ||   181
         Constrict         |    23 |    20 |     1 ||    44
         Kick              |    20 |    19 |     3 ||    42
         Tentacles         |    10 |    18 |     1 ||    29
         Punch             |       |     3 |       ||     3
   Cast: Beastly Appendage |    18 |    15 |     4 ||    37
         Wereblood         |       |     2 |     2 ||     4
         Spider Form       |       |     1 |     3 ||     4
    Use: Potion            |       |       |     2 ||     2
   Stab: Sleeping          |     3 |     2 |       ||     5
 Armour: Skin              |    17 |     4 |     4 ||    25
  Dodge: Dodged            |    44 |    49 |    27 ||   120

Table legend: (Time is in decaauts)
 A = Elapsed time spent in this place.
 B = Non-inter-level travel time spent in this place.
 C = Inter-level travel time spent in this place.
 D = Time resting spent in this place.
 E = Time spent auto-exploring this place.
 F = Levels seen in this place.
 G = Mean time per level.
                   A        B        C        D        E       F      G
               +--------+--------+--------+--------+--------+-----+--------+
         Total |   3930 |   3771 |    159 |    678 |   2509 |   4 |  982.5 |
       Dungeon |   3930 |   3771 |    159 |    678 |   2509 |   4 |  982.5 |
               +--------+--------+--------+--------+--------+-----+--------+

Top non-repeatable levels by time:
     D:3: 1582 daAuts
     D:2: 1087 daAuts
     D:1: 817 daAuts
     D:4: 442 daAuts
